 Dungeon Crawl Stone Soup version 0.31-a0-931-g7b59d4eb97 (webtiles) character file.

Game seed: 8471953183698701175

67 scionoferis the Chopper (level 4, -2/41 HPs)
             Began as a Minotaur Chaos Knight on Oct 20, 2023.
             Was a Plaything of Xom.
             Slain by a wolf spider (glowing shapeshifter) (20 damage)
             ... led by Robin
             ... on level 2 of the Dungeon.
             The game lasted 00:02:32 (1290 turns).

scionoferis the Chopper (Minotaur Chaos Knight)     Turns: 1290, Time: 00:02:33

Health: -2/41      AC:  5    Str: 17    XL:     4   Next: 0%
Magic:  3/3        EV: 11    Int:  9    God:    Xom [..*...]
Gold:   72         SH:  0    Dex: 11    Spells: 3/3 levels left

rFire   . . .        a - +0 hand axe (chaos)
rCold   . . .        (no shield)
rNeg    . . .        b - +2 leather armour
rPois   .            (helmet restricted)
rElec   .            (no cloak)
rCorr   .            (no gloves)
SInv    .            (no boots)
Will    .....        (no amulet)
Stlth   +            (no ring)
HPRegen 0.26/turn    (no ring)
MPRegen 0.08/turn

%: no passive effects
@: no status effects
A: horns 2, retaliatory headbutt
a: Renounce Religion


You were on level 2 of the Dungeon.
You worshipped Xom.
You were a toy of Xom.
You visited 1 branch of the dungeon, and saw 2 of its levels.

You collected 72 gold pieces.


Innate Abilities, Weirdness & Mutations

You have a pair of horns on your head.
You reflexively headbutt those who attack you in melee.


   Skills:
 + Level 4.5 Fighting
 * Level 5.2 Axes
 - Level 2.4 Armour
 - Level 1.1 Dodging


You had 3 spell levels left.
You didn't know any spells.
Your spell library was empty.

Inventory:

Hand Weapons
 a - a +0 hand axe of chaos (weapon)
Missiles
 d - 3 poisoned darts
Armour
 b - a +2 leather armour (worn)
Scrolls
 c - 2 scrolls of butterflies
 f - 4 scrolls of identify
 g - a scroll of amnesia
 h - 2 scrolls of vulnerability {unknown}
 j - a scroll of torment {unknown}
Potions
 e - 2 potions of attraction {unknown}
 i - 2 potions of brilliance {unknown}
 k - a potion of mutation {unknown}

Dungeon Overview and Level Annotations

Branches:
Dungeon (2/15)

Altars:

Annotations:
D:2 Robin

######## ########.......
...........#####
##.........##.$
##.........##.#
......>....##.# #
##[##......†..######...#
##.##...........@sgrgg..
##.##.........######gg##
##.##...........
##.##.........#.#
..............#.#
##+##.........# .
.......)......# ##
..............#
......†..######


You could see a wolf spider shaped shifter, Robin, 2 hobgoblins, 2 goblins and a
rat.


Message History

Welcome, scionoferis the Minotaur Chaos Knight.
Below lies the Orb of Zot, rumoured to be powerful enough to resurrect a god...
Xom says: A new plaything!
Press ? for a list of commands and other information.
Found a staircase leading out of the dungeon.
You open the large door.
Found 3 poisoned darts.
A frilled lizard comes into view.
There is a large open door here.
You enter the shallow water.
Moving in this stuff is going to be slow.
A rat comes into view.
The frilled lizard bites you but does no damage.
The frilled lizard misses you.
The rat moves out of view.
Your unstable footing causes you to fumble your attack.
The frilled lizard barely misses you.
Your unstable footing causes you to fumble your attack.
The frilled lizard bites you but does no damage.
You closely miss the frilled lizard.
Your headbutt misses the frilled lizard.
The frilled lizard bites you but does no damage.
Your unstable footing causes you to fumble your attack.
The frilled lizard bites you but does no damage.
Your unstable footing causes you to fumble your attack.
The frilled lizard bites you but does no damage.
You barely miss the frilled lizard. You headbutt the frilled lizard.
You kill the frilled lizard!
You hit the rat.
You kill the rat!
Found a thick jewelled staff and a ring mail.
You see here a rat corpse.
You see here 3 poisoned darts.
d - 3 poisoned darts You see here a staff of earth.
You open the door.
There is an open door here.
An endoplasm comes into view.
The endoplasm quivers.
An endoplasm is nearby!
You slash the endoplasm!
You kill the endoplasm!
No target in view!
Found a stone staircase leading down.
A quokka comes into view.
A quokka is nearby!
A ball python and an endoplasm come into view.
Found a scroll of butterflies.
The ball python hisses angrily.
The endoplasm quivers.
You barely miss the quokka.
The quokka bites you but does no damage.
You barely miss the quokka. The quokka barely misses you.
You furiously retaliate!
You headbutt the quokka!
You kill the quokka!
The endoplasm closely misses you. You furiously retaliate!
You headbutt the endoplasm!
You kill the endoplasm!
Your Axes skill increases to level 4!
You closely miss the ball python. The ball python closely misses you.
The ball python barely misses you.
A bat comes into view.
You hit the ball python.
You kill the ball python!
The bat hits you but does no damage.
You see here a ball python corpse.
You closely miss the bat. The bat barely misses you. The bat misses you.
The bat hits you but does no damage. The bat hits you but does no damage.
The bat closely misses you.
You closely miss the bat. The bat closely misses you. The bat hits you.
You closely miss the bat. The bat hits you but does no damage.
The bat hits you but does no damage. The bat closely misses you.
You furiously retaliate!
You headbutt the bat.
You kill the bat!
No target in view!
No target in view!
No target in view!
A dart slug comes into view.
A dart slug is nearby!
The dart slug launches a dart at you. The slug dart hits you.
The dart slug launches a dart at you. The slug dart hits you.
A ball python comes into view.
The dart slug closely misses you.
You hit the dart slug. You headbutt the dart slug.
You kill the dart slug!
You have reached level 2!
The ball python bites you but does no damage.
The ball python barely misses you. The ball python bites you.
The ball python grabs you. The ball python constricts you.
You hit the ball python but do no damage.
The ball python closely misses you. The ball python constricts you.
You hit the ball python.
The ball python is severely wounded.
The ball python bites you. The ball python constricts you.
You closely miss the ball python.
The ball python is severely wounded.
The ball python bites you but does no damage.
The ball python constricts you.
You closely miss the ball python. You headbutt the ball python.
You kill the ball python!
No target in view!
HP restored.
c - 2 scrolls of butterflies (gained 1)
You open the door.
There is an open door here.
You open the door.
A frilled lizard comes into view.
Found 11 gold pieces.
A frilled lizard is nearby!
There is an open door here.
The frilled lizard bites you but does no damage.
You barely miss the frilled lizard.
Your headbutt misses the frilled lizard.
The frilled lizard bites you.
You barely miss the frilled lizard.
The frilled lizard bites you but does no damage.
You barely miss the frilled lizard.
Your headbutt misses the frilled lizard.
The frilled lizard bites you.
You closely miss the frilled lizard.
Your headbutt misses the frilled lizard.
The frilled lizard closely misses you. You furiously retaliate!
You headbutt the frilled lizard.
You kill the frilled lizard!
No target in view!
You now have 11 gold pieces.
A kobold comes into view. It is wielding a +2 dagger of venom.
The kobold shouts!
A bat comes into view.
The kobold moves out of view.
A bat is nearby!
The bat barely misses you.
You completely miss the bat. The bat barely misses you.
The bat hits you but does no damage. The bat closely misses you.
You closely miss the bat. Your headbutt misses the bat.
The bat barely misses you. The bat hits you.
A kobold comes into view. It is wielding a +0 whip.
The kobold shouts!
You hit the bat but do no damage. You drain the bat.
You kill the bat!
You barely miss the kobold. Your headbutt misses the kobold.
The kobold hits you with a +2 dagger of venom.
You are poisoned.
You hit the kobold.
The kobold is moderately wounded.
You feel sick.
The kobold hits you with a +2 dagger of venom.
You are more poisoned.
You slash the kobold! You burn the kobold.
You kill the kobold!
You feel very sick.
Your Fighting skill increases to level 4!
You are too injured to fight recklessly!
You feel sick.
A kobold is nearby!
You are too injured to fight recklessly!
You are too injured to fight recklessly!
You feel sick.
You are too injured to fight recklessly!
You are too injured to fight recklessly!
You are too injured to fight recklessly!
You barely miss the kobold.
You feel sick. The kobold misses you. You furiously retaliate!
You headbutt the kobold. You hit the kobold.
The kobold is severely wounded.
You feel sick. The kobold hits you but does no damage.
The kobold barely misses you. You furiously retaliate!
You headbutt the kobold.
You kill the kobold!
You feel sick.
Items here: ( )) †.
You feel sick.
You feel sick.
You feel sick.
You are no longer poisoned.
A bat comes into view.
You are too injured to fight recklessly!
You are too injured to fight recklessly!
A bat is nearby!
You start resting.
A bat is nearby!
You are too injured to fight recklessly!
You are too injured to fight recklessly!
A bat is nearby!
You are too injured to fight recklessly!
You are too injured to fight recklessly!
You closely miss the bat. The bat hits you but does no damage.
The bat hits you but does no damage. The bat hits you but does no damage.
There is an open door here.
You closely miss the bat. The bat closely misses you.
The bat hits you but does no damage. The bat hits you but does no damage.
There is an open door here.
You hit the bat but do no damage.
The bat suddenly seems more agile.
Xom thinks this is hilarious!
The bat hits you but does no damage. The bat barely misses you.
You miss the bat. Your headbutt misses the bat. The bat closely misses you.
You hit the bat.
You feel better.
You kill the bat!
HP restored.
There is an open door here.
Xom grants you insight.
You detect items!
Items here: ( )) †.
e - 2 inky potions As you open the door, it creaks loudly!
There is an open door here.
You open the door.
There is an open door here.
You see here an orb of guile. "See what I see, my child!"
You feel aware of your surroundings.
Xom smirks.
You detect nothing.
A kobold comes into view. It is wielding a +0 club.
The kobold shouts!
A kobold is nearby!
The kobold closely misses you.
You miss the kobold. Your headbutt misses the kobold.
The kobold closely misses you.
You slash the kobold!
You kill the kobold!
No target in view!
A hobgoblin comes into view.
The hobgoblin shouts!
The hobgoblin closely misses you.
You hit the hobgoblin.
The hobgoblin is severely wounded.
The hobgoblin barely misses you.
You closely miss the hobgoblin.
The hobgoblin is severely wounded.
The hobgoblin hits you.
You hit the hobgoblin but do no damage.
The hobgoblin goes berserk!
You headbutt the hobgoblin.
You kill the hobgoblin!
Found a stone staircase leading down.
A ball python and a rat come into view.
The ball python moves out of view.
A rat is nearby!
The rat twitches its whiskers.
The rat barely misses you. You furiously retaliate!
You headbutt the rat.
You kill the rat!
You barely miss the ball python. The ball python misses you.
The ball python grabs you. The ball python constricts you.
You hit the ball python.
The ball python is heavily wounded.
The ball python bites you. The ball python constricts you.
You barely miss the ball python. Your headbutt misses the ball python.
The ball python is heavily wounded.
The ball python barely misses you. You furiously retaliate!
You headbutt the ball python!
You kill the ball python!
No target in view!
f - a scroll labelled MEFI VO WECOX An endoplasm comes into view.
The endoplasm quivers.
You hit the endoplasm but do no damage.
Lightning courses through the endoplasm!!
You kill the endoplasm!
No target in view!
No target in view!
A giant cockroach comes into view.
An endoplasm comes into view.
The endoplasm quivers.
A rat comes into view.
The giant cockroach bites you but does no damage.
You hit the giant cockroach.
The giant cockroach is poisoned.
The giant cockroach is moderately wounded.
You kill the giant cockroach!
The endoplasm completely misses you. You furiously retaliate!
You headbutt the endoplasm!
You kill the endoplasm!
You barely miss the rat. The rat misses you.
You slash the rat!
You kill the rat!
No target in view!
A goblin comes into view. It is wielding a +0 club.
The goblin shouts!
Found a stone staircase leading down.
The goblin barely misses you.
You hit the goblin but do no damage.
The goblin is poisoned.
You headbutt the goblin.
You kill the goblin!
No target in view!
Things that are here:
a +0 club; a goblin corpse You now have 19 gold pieces (gained 8).
You now have 29 gold pieces (gained 10).
A kobold comes into view. It is wielding a +0 club.
The kobold shouts!
The kobold misses you. You furiously retaliate!
You headbutt the kobold, but do no damage.
You hit the kobold.
You kill the kobold!
You have reached level 3!
Your experience leads to an increase in your attributes!
Increase (S)trength, (I)ntelligence, or (D)exterity?
You feel agile. x2
Things that are here:
a +0 club; 5 stones; a kobold corpse You open the door.
There is an open door here.
You see here a rat corpse.
There is an open door here.
There is a stone staircase leading down here.
Found a short sword.
There is an open door here.
A kobold comes into view. It is wielding a +0 dagger.
The kobold shouts!
A kobold is nearby!
The kobold misses you.
You completely miss the kobold. The kobold barely misses you.
You furiously retaliate!
You headbutt the kobold!
You kill the kobold!
No target in view!
You see here a +2 spear of flaming.
A hobgoblin comes into view.
Found a scroll labelled DENOSMEMPE.
The hobgoblin shouts!
The hobgoblin closely misses you. You furiously retaliate!
You headbutt the hobgoblin.
You kill the hobgoblin!
No target in view!
No target in view!
You see here a hobgoblin corpse.
g - a scroll labelled DENOSMEMPE A rat comes into view.
The rat bites you but does no damage.
You hit the rat. Your headbutt misses the rat.
The rat is severely wounded.
The rat barely misses you.
You closely miss the rat. Your headbutt misses the rat.
The rat is severely wounded.
The rat bites you but does no damage.
You hit the rat.
You kill the rat!
No target in view!
You see here a rat corpse.
A ball python comes into view.
The ball python hisses angrily.
You hit the ball python. You punch the ball python.
You kill the ball python!
No target in view!
You see here a ball python corpse.
You see here a ball python corpse.
You see here a rat corpse.
You see here a hobgoblin corpse.
You see here a +2 spear of flaming.
Things that are here:
a +0 whip; a +2 dagger of venom; 4 stones Done exploring.
Done exploring.
You see here an orb of guile.
There is a stone staircase leading down here.
Search for what [? for help]? : Unknown command.
You climb downwards.
There is a stone staircase leading up here.
Found a stone staircase leading down.
A rat comes into view.
The rat moves out of view.
A rat is nearby!
Found 4 gold pieces.
Found a scroll labelled MEFI VO WECOX.
The rat bites you but does no damage.
You hit the rat.
You kill the rat!
No target in view!
No target in view!
No target in view!
An adder comes into view.
The adder hisses angrily.
An adder is nearby!
A bat comes into view.
You barely miss the adder. Your headbutt misses the adder.
The adder bites you but does no damage.
You hit the adder but do no damage. You drain the adder.
The adder is moderately wounded.
You hit the bat.
The bat is poisoned.
You kill the bat!
The adder closely misses you.
You completely miss the adder. Your headbutt misses the adder.
The adder is moderately wounded.
The adder bites you but does no damage. x2
You closely miss the adder.
The adder is lightly wounded.
The adder bites you but does no damage.
You hit the adder but do no damage.
The adder is lightly wounded.
The adder closely misses you. You furiously retaliate!
You headbutt the adder, but do no damage.
The adder closely misses you. You furiously retaliate!
You headbutt the adder. You barely miss the adder. You headbutt the adder.
The adder is heavily wounded.
The adder barely misses you.
You closely miss the adder. Your headbutt misses the adder.
The adder is heavily wounded.
The adder barely misses you.
You closely miss the adder.
The adder is heavily wounded.
The adder misses you. The adder bites you but does no damage.
You miss the adder.
The adder is heavily wounded.
The adder bites you but does no damage.
You completely miss the adder.
The adder is heavily wounded.
The adder barely misses you. You furiously retaliate!
You headbutt the adder!
You kill the adder!
No target in view!
You now have 33 gold pieces (gained 4).
f - 2 scrolls labelled MEFI VO WECOX (gained 1)
Found a stone.
Found a stone staircase leading up.
A hobgoblin comes into view.
Found a hand axe.
The hobgoblin shouts!
Found 7 gold pieces.
The hobgoblin hits you but does no damage.
You hit the hobgoblin.
The hobgoblin is poisoned.
The hobgoblin is moderately wounded.
The hobgoblin closely misses you.
You closely miss the hobgoblin.
You headbutt the hobgoblin, but do no damage.
The hobgoblin is almost dead.
You kill the hobgoblin!
A bat comes into view.
You see here 7 gold pieces.
Found a ring mail.
The bat completely misses you. You furiously retaliate!
You headbutt the bat. You slash the bat! You freeze the bat.
You kill the bat!
Your Axes skill increases to level 5!
No target in view!
You now have 40 gold pieces (gained 7).
A hobgoblin comes into view.
The hobgoblin shouts!
A hobgoblin is nearby!
A kobold comes into view. It is wielding a +0 whip.
You see here 2 murky yellow potions.
Found 10 gold pieces and a scroll labelled BEILOW GOTTYCA.
The kobold shouts!
Found a scroll labelled MEFI VO WECOX.
The hobgoblin barely misses you. You furiously retaliate!
You headbutt the hobgoblin.
You kill the hobgoblin!
A rat comes into view.
The kobold throws a stone.
The stone closely misses you.
You hit the rat but do no damage.
The kobold throws a stone.
The stone closely misses you.
The rat twitches its whiskers.
The rat barely misses you.
You closely miss the rat. Your headbutt misses the rat.
The kobold throws a stone.
The stone hits you but does no damage. The rat bites you but does no damage.
You hit the rat. You burn the rat.
You kill the rat!
The kobold throws a stone.
The stone closely misses you. The kobold misses you.
You closely miss the kobold. The kobold closely misses you.
You furiously retaliate!
You headbutt the kobold. You barely miss the kobold.
The kobold is severely wounded.
The kobold misses you. The kobold closely misses you. You furiously retaliate!
You headbutt the kobold.
You kill the kobold!
No target in view!
You now have 50 gold pieces (gained 10).
Found a stone staircase leading down.
h - a scroll labelled BEILOW GOTTYCA
f - 3 scrolls labelled MEFI VO WECOX (gained 1)
You see here a hobgoblin corpse.
i - 2 murky yellow potions A hobgoblin comes into view.
The hobgoblin shouts!
The hobgoblin hits you.
You hit the hobgoblin.
The hobgoblin is moderately wounded.
The hobgoblin hits you but does no damage.
You slash the hobgoblin!
You kill the hobgoblin!
No target in view!
No target in view!
A ball python comes into view.
The ball python hisses angrily.
The ball python moves out of view.
Found 7 gold pieces.
The ball python barely misses you. The ball python grabs you.
The ball python constricts you. The ball python closely misses you.
The ball python constricts you.
You hit the ball python.
The ball python suddenly seems more agile.
The ball python is heavily wounded.
The ball python bites you but does no damage.
The ball python constricts you.
You closely miss the ball python.
The ball python is heavily wounded.
The ball python barely misses you. The ball python constricts you.
A ball python is nearby!
You barely miss the ball python.
The ball python is heavily wounded.
The ball python bites you but does no damage.
The ball python constricts you.
You barely miss the ball python.
The ball python is moderately wounded.
The ball python bites you. The ball python constricts you.
The ball python bites you but does no damage.
The ball python constricts you.
A ball python is nearby!
You closely miss the ball python.
The ball python is moderately wounded.
The ball python bites you but does no damage.
The ball python constricts you.
You hit the ball python.
You kill the ball python!
No target in view!
HP restored.
You now have 57 gold pieces (gained 7).
f - 4 scrolls labelled MEFI VO WECOX (gained 1)
You open the door.
There is an open door here.
You now have 72 gold pieces (gained 15).
Found a leather armour.
As you open the door, it creaks loudly!
A dart slug comes into view.
The dart slug launches a dart at you. The slug dart hits you.
There is an open door here.
You hit the dart slug.
The dart slug is poisoned.
The dart slug is heavily wounded.
The dart slug launches a dart at you. The slug dart hits you.
You slash the dart slug!
You kill the dart slug!
Found a stone staircase leading down.
Found a robe.
No target in view!
There is a stone staircase leading down here.
A bat comes into view.
Found a stone staircase leading up.
The bat barely misses you. The bat closely misses you.
You hit the bat. You freeze the bat.
You kill the bat!
No target in view!
You open the door.
There is an open door here.
j - a scroll labelled ETHEPA QO VIAB A giant cockroach comes into view.
Found 9 stones.
A hobgoblin and an adder come into view.
Found a scroll labelled BEILOW GOTTYCA.
The hobgoblin shouts!
The giant cockroach barely misses you.
You hit the adder. You burn the adder. Your headbutt misses the adder.
The adder is moderately wounded.
You barely miss the giant cockroach. The adder bites you but does no damage.
The giant cockroach bites you but does no damage.
You slash the adder!
The adder seems to grow stronger.
Xom is highly amused!
Your headbutt misses the adder.
The adder is almost dead.
You hit the giant cockroach. You hit the hobgoblin but do no damage.
The hobgoblin is moving more slowly.
The adder closely misses you. The hobgoblin barely misses you.
You furiously retaliate!
You headbutt the hobgoblin!
You kill the hobgoblin!
The giant cockroach closely misses you. You furiously retaliate!
You headbutt the giant cockroach.
You kill the giant cockroach!
The adder bites you but does no damage.
You miss the adder.
The adder is almost dead.
The adder bites you but does no damage.
You slash the adder! You burn the adder.
You kill the adder!
No target in view!
You see here a giant cockroach corpse.
k - a dark potion You see here 9 stones.
h - 2 scrolls labelled BEILOW GOTTYCA (gained 1)
You see here the +0 ring mail "Ocsirer" {rPois rF- Int+4}.
f - 5 scrolls labelled MEFI VO WECOX (gained 1)
A frilled lizard comes into view.
A frilled lizard is nearby!
The frilled lizard hisses angrily.
You barely miss the frilled lizard.
Your headbutt misses the frilled lizard.
The frilled lizard misses you.
You hit the frilled lizard.
You kill the frilled lizard!
You have reached level 4!
You feel stronger.
You see here a frilled lizard corpse.
A goblin and a hobgoblin come into view.
The goblin shouts!
The hobgoblin shouts!
You hear a shout! x3
A hobgoblin comes into view.
The hobgoblin shouts!
A hobgoblin comes into view.
A rat comes into view.
The rat twitches its whiskers.
A goblin comes into view. It is wielding a +0 club.
The hobgoblin shouts!
The goblin shouts!
You hear a shout!
A goblin comes into view. It is wielding a +0 club.
The goblin hits you but does no damage.
You hit the goblin but do no damage. The goblin hits you but does no damage.
You hit the goblin.
The goblin changes into a glowing shapeshifter!
The glowing shapeshifter is moderately wounded.
The glowing shapeshifter changes into a wolf spider!
You hit the wolf spider but do no damage.
Your headbutt misses the wolf spider. The wolf spider hits you!!
Ouch! That really hurt!
The wolf spider closely misses you.
A goblin comes into view. It is wielding a +0 club.
You hear a shout!
You are too injured to fight recklessly!
As you read the scroll labelled MEFI VO WECOX, it crumbles to dust.
It is a scroll of identify.
g - a scroll of amnesia The wolf spider hits you but does no damage.
The wolf spider closely misses you. The wolf spider hits you.
The wolf spider bites you but does no damage.
Robin of the Strong Arm comes into view.
They are wielding a +0 club.
Press: ? - help, v - describe, . - travel, g - get item
Here: a wolf spider shaped shifter Item here: a +0 dagger.
The floor, spattered with blood.
Unknown command.
You hit the wolf spider but do no damage.
Your headbutt misses the wolf spider. The wolf spider hits you!!
You die...
Xom chortles!

Skill      XL: |  1  2  3 |
---------------+----------+-----
Axes           | 4 5 |  5.2
Fighting       | 4 |  4.5
Armour         | |  2.4
Dodging        | |  1.1

Action                     |  1- 3 |  4- 6 || total
---------------------------+-------+-------++-------
  Melee: Hand axe          |    92 |     4 ||    96
         Headbutt          |     7 |       ||     7
         Punch             |     1 |       ||     1
    Use: Scroll            |       |     1 ||     1
 Armour: Leather armour    |    61 |     7 ||    68
  Dodge: Dodged            |    67 |     2 ||    69

Levels and vault maps discovered:
D:1:      lightli_arrival_boilingwater, layout_basic
D:2:      layout_basic, hellmonk_ecumenical_altar_pennies_from_heaven,
          uniq_robin

Notes
Turn   | Place    | Note
-------+----------+-------------------------------------------
     0 | D:1      | scionoferis the Minotaur Chaos Knight began the quest for
                  | the Orb.
     0 | D:1      | Reached XP level 1. HP: 19/19 MP: 0/0
    52 | D:1      | Reached skill level 4 in Axes
    72 | D:1      | Reached XP level 2. HP: 24/27 MP: 1/1
   169 | D:1      | Reached skill level 4 in Fighting
   249 | D:1      | XOM: divination: detect items
   296 | D:1      | XOM: divination: magic mapping
   332 | D:1      | XOM: divination: detect items
   516 | D:1      | Reached XP level 3. HP: 33/33 MP: 2/2
   921 | D:2      | Reached skill level 5 in Axes
  1254 | D:2      | Identified the +0 ring mail "Ocsirer" {rPois rF- Int+4}
  1280 | D:2      | Reached XP level 4. HP: 41/41 MP: 3/3
  1287 | D:2      | a goblin changed into a glowing shapeshifter
  1287 | D:2      | Noticed a glowing shapeshifter (glowing shapeshifter)
  1287 | D:2      | a glowing shapeshifter changed into a wolf spider
  1287 | D:2      | Noticed a wolf spider (glowing shapeshifter)
  1289 | D:2      | Noticed Robin
  1290 | D:2      | Slain by a wolf spider (glowing shapeshifter)

Vanquished Creatures
  2 adders (D:2)
  2 dart slugs (D:1 D:2)
  6 bats (D:1 D:2)
  4 endoplasms (D:1)
  2 giant cockroaches (D:1 D:2)
  A goblin (D:1)
  6 hobgoblins (D:1 D:2)
  6 kobolds (D:1 D:2)
  A quokka (D:1)
  5 ball pythons (D:1 D:2)
  3 frilled lizards (D:1 D:2)
  6 rats (D:1 D:2)
44 creatures vanquished.

Table legend: (Time is in decaauts)
 A = Elapsed time spent in this place.
 B = Non-inter-level travel time spent in this place.
 C = Inter-level travel time spent in this place.
 D = Time resting spent in this place.
 E = Time spent auto-exploring this place.
 F = Levels seen in this place.
 G = Mean time per level.
                   A        B        C        D        E       F      G
               +--------+--------+--------+--------+--------+-----+--------+
         Total |   1297 |   1278 |     19 |     30 |    995 |   2 |  648.5 |
       Dungeon |   1297 |   1278 |     19 |     30 |    995 |   2 |  648.5 |
               +--------+--------+--------+--------+--------+-----+--------+

Top non-repeatable levels by time:
     D:1: 853 daAuts
     D:2: 444 daAuts

Table legend:
 A = Non-vault XP
 B = Vault XP
 C = Vault XP percentage of total XP
 D = Non-vault monster count
 E = Vault monster count
 F = Vault count percentage of total count
                 A         B        C        D         E       F
            +---------+---------+-------+---------+---------+-------
      Total |      97 |       0 |   0.0 |      44 |       0 |   0.0
            +---------+---------+-------+---------+---------+-------
        D:1 |      46 |       0 |   0.0 |      28 |       0 |   0.0
        D:2 |      51 |       0 |   0.0 |      16 |       0 |   0.0
            +---------+---------+-------+---------+---------+-------
